% Time on Ice - SAN JOSE BRONCOS
Lines # - Real PCT - Wanted PCT - Time Play
Normal Forward
1 - 37% - 35% - 17:09
2 - 30% - 30% - 13:59
3 - 20% - 20% - 9:23
4 - 14% - 15% - 6:25
Normal Defense
1 - 38% - 36% - 18:04
2 - 32% - 31% - 14:55
3 - 23% - 23% - 10:36
4 - 7% - 10% - 3:21
PP Forward
1 - 55% - 55% - 3:55
2 - 45% - 45% - 3:12
PP Defense
1 - 60% - 55% - 4:18
2 - 40% - 45% - 2:49
PK Forward
1 - 66% - 55% - 2:36
2 - 34% - 45% - 1:22
PK Defense
1 - 51% - 55% - 2:01
2 - 49% - 45% - 1:57
PK3 Forward
1 - 0% - 55%
2 - 0% - 45%
PK3 Defense
1 - 0% - 50%
2 - 0% - 50%
44 Forward
1 - 43% - 50% - 0:51
2 - 57% - 50% - 1:08
44 Defense
1 - 62% - 50% - 1:14
2 - 38% - 50% - 0:45
Last Minute Offensive  - 0:00
Last Minute Defensive  - 0:00
Total
Forward - 60:00
Defense - 60:00
% Time on Ice - VICTORIA GLADIATORS
Lines # - Real PCT - Wanted PCT - Time Play
Normal Forward
1 - 37% - 36% - 17:28
2 - 32% - 31% - 14:59
3 - 22% - 23% - 10:22
4 - 9% - 10% - 4:07
Normal Defense
1 - 35% - 36% - 16:21
2 - 32% - 32% - 14:48
3 - 30% - 24% - 14:18
4 - 3% - 8% - 1:29
PP Forward
1 - 56% - 52% - 2:13
2 - 44% - 48% - 1:45
PP Defense
1 - 45% - 52% - 1:47
2 - 55% - 48% - 2:11
PK Forward
1 - 54% - 52% - 2:57
2 - 46% - 48% - 2:29
PK Defense
1 - 59% - 52% - 3:11
2 - 41% - 48% - 2:15
PK3 Forward
1 - 63% - 52% - 1:04
2 - 37% - 48% - 0:37
PK3 Defense
1 - 59% - 52% - 1:00
2 - 41% - 48% - 0:41
44 Forward
1 - 55% - 52% - 1:06
2 - 45% - 48% - 0:53
44 Defense
1 - 56% - 52% - 1:07
2 - 44% - 48% - 0:52
Last Minute Offensive  - 0:00
Last Minute Defensive  - 0:00
Total
Forward - 60:00
Defense - 60:00
Play-by-Play 1st period 0:01 of 1st period - Evgeni Malkin wins face-off versus Carl Soderberg in neutral zone. 0:06 of 1st period - Nick Foligno is hit by Dustin Brown and loses puck. 0:13 of 1st period - Shot by Alexander Radulov. 0:13 of 1st period - Stopped by Jack Campbell without a rebound. 0:14 of 1st period - Lars Eller wins face-off versus Mikko Koivu in VICTORIA GLADIATORS zone. 0:14 of 1st period - Lars Eller is hit by Oliver Bjorkstrand. 0:17 of 1st period - Icing by Mikkel Boedker. 0:18 of 1st period - Colton Sissons wins face-off versus Lars Eller in VICTORIA GLADIATORS zone. 0:19 of 1st period - Shot by Jesper Bratt. 0:19 of 1st period - Stopped by Jack Campbell without a rebound. 0:20 of 1st period - Frans Nielsen wins face-off versus Nick Bonino in VICTORIA GLADIATORS zone. 1:09 of 1st period - Ryan Stanton is hit by Zach Parise and loses puck. 2:04 of 1st period - Shot by Evgeni Malkin. 2:04 of 1st period - Shot Misses the Net. 2:08 of 1st period - Shot by Alexander Radulov. 2:08 of 1st period - Deflect By Evgeni Malkin. 2:08 of 1st period - Stopped by Jack Campbell with a rebound. 2:10 of 1st period - Shot by Dustin Brown. 2:10 of 1st period - Shot Misses the Net. 2:56 of 1st period - Lars Eller is hit by Evgeni Malkin and loses puck. 3:16 of 1st period - Minor Penalty to Zack Smith for Roughing. 3:16 of 1st period - Minor Penalty to Cody Eakin for Slashing. 3:17 of 1st period - Mikko Koivu wins face-off versus Jason Spezza in neutral zone. 3:36 of 1st period - Shot by Mikko Koivu. 3:36 of 1st period - Stopped by Jack Campbell without a rebound. 3:37 of 1st period - Nick Bonino wins face-off versus Patrick Maroon in VICTORIA GLADIATORS zone. 3:50 of 1st period - Shot by Oliver Bjorkstrand. 3:50 of 1st period - Goal by Oliver Bjorkstrand - SAN JOSE BRONCOS : 1 - VICTORIA GLADIATORS : 0. 3:51 of 1st period - Jason Spezza wins face-off versus Nick Bonino in neutral zone. 4:44 of 1st period - Shot by Frans Nielsen. 4:44 of 1st period - Deflect By Mikkel Boedker. 4:44 of 1st period - Stopped by Jacob Markstrom without a rebound. 4:45 of 1st period - Mikko Koivu wins face-off versus Frans Nielsen in SAN JOSE BRONCOS zone. 5:50 of 1st period - Shot by Carl Soderberg. 5:50 of 1st period - Deflect By Nick Foligno. 5:50 of 1st period - Shot Misses the Net. 5:54 of 1st period - Shot by Zack Smith. 5:54 of 1st period - Stopped by Jacob Markstrom with a rebound. 6:07 of 1st period - Icing by Jaccob Slavin. 6:08 of 1st period - Riley Sheahan wins face-off versus Cody Eakin in SAN JOSE BRONCOS zone. 6:20 of 1st period - Shot by Riley Sheahan. 6:20 of 1st period - Deflect By Patrick Maroon. 6:20 of 1st period - Goal by Patrick Maroon - SAN JOSE BRONCOS : 1 - VICTORIA GLADIATORS : 1. 6:21 of 1st period - Mikko Koivu wins face-off versus Lars Eller in neutral zone. 6:34 of 1st period - Zach Parise is hit by Mikkel Boedker and loses puck. 6:44 of 1st period - Shot by Lars Eller. 6:44 of 1st period - Stopped by Jacob Markstrom without a rebound. 6:45 of 1st period - Carl Soderberg wins face-off versus Evgeni Malkin in SAN JOSE BRONCOS zone. 7:00 of 1st period - Alexander Radulov is hit by Jonathan Ericsson and loses puck. 7:05 of 1st period - Shot by Alexander Radulov. 7:05 of 1st period - Shot Misses the Net. 7:07 of 1st period - Shot by Evgeni Malkin. 7:07 of 1st period - Shot Blocked by Jonathan Ericsson. 7:11 of 1st period - Shot by Alexander Radulov. 7:11 of 1st period - Goal by Alexander Radulov - SAN JOSE BRONCOS : 2 - VICTORIA GLADIATORS : 1. 7:12 of 1st period - Patrick Maroon wins face-off versus Mikko Koivu in neutral zone. 7:17 of 1st period - Shot by Jason Spezza. 7:17 of 1st period - Stopped by Jacob Markstrom without a rebound. 7:18 of 1st period - Mikko Koivu wins face-off versus Lars Eller in SAN JOSE BRONCOS zone. 7:39 of 1st period - Shot by Zach Parise. 7:39 of 1st period - Shot Blocked by Colin Wilson. 7:41 of 1st period - Shot by Brady Skjei. 7:41 of 1st period - Stopped by Jack Campbell with a rebound. 8:01 of 1st period - Shot by Zach Parise. 8:01 of 1st period - Shot Blocked by Ryan Stanton. 8:03 of 1st period - Shot by Neal Pionk. 8:03 of 1st period - Shot Misses the Net. 8:31 of 1st period - Shot by Dustin Brown. 8:31 of 1st period - Goal by Dustin Brown - SAN JOSE BRONCOS : 3 - VICTORIA GLADIATORS : 1. 8:32 of 1st period - Carl Soderberg wins face-off versus Nick Bonino in neutral zone. 8:34 of 1st period - Torey Krug is hit by Carter Rowney and loses puck. 8:38 of 1st period - Zack Smith beats up Sean Kuraly. 8:38 of 1st period - Penalty to Zack Smith for Fighting. 8:38 of 1st period - Penalty to Sean Kuraly for Fighting. 8:39 of 1st period - Carl Soderberg wins face-off versus Evgeni Malkin in SAN JOSE BRONCOS zone. 8:51 of 1st period - Minor Penalty to Nick Foligno for Holding. 8:52 of 1st period - Riley Sheahan wins face-off versus Evgeni Malkin in VICTORIA GLADIATORS zone. 9:11 of 1st period - Shot by Alexander Radulov. 9:11 of 1st period - Stopped by Jack Campbell with a rebound. 9:13 of 1st period - Shot by Neal Pionk. 9:13 of 1st period - Shot Misses the Net. 9:15 of 1st period - Shot by Alexander Radulov. 9:15 of 1st period - Shot Blocked by Henri Jokiharju. 9:17 of 1st period - Shot by Evgeni Malkin. 9:17 of 1st period - Stopped by Jack Campbell without a rebound. 9:18 of 1st period - Riley Sheahan wins face-off versus Oliver Bjorkstrand in VICTORIA GLADIATORS zone. 9:18 of 1st period - Riley Sheahan is hit by Dustin Brown. 9:25 of 1st period - Icing by Cody Eakin. 9:26 of 1st period - Cody Eakin wins face-off versus Riley Sheahan in SAN JOSE BRONCOS zone. 9:41 of 1st period - Shot by Oliver Bjorkstrand. 9:41 of 1st period - Shot Misses the Net. 9:43 of 1st period - Shot by Brady Skjei. 9:43 of 1st period - Shot Misses the Net. 9:45 of 1st period - Shot by Jaccob Slavin. 9:45 of 1st period - Shot Blocked by Marcus Foligno. 10:23 of 1st period - Shot by Alexander Radulov. 10:23 of 1st period - Stopped by Jack Campbell without a rebound. 10:24 of 1st period - Alexander Radulov wins face-off versus Lars Eller in VICTORIA GLADIATORS zone. 10:47 of 1st period - Shot by Alexander Radulov. 10:47 of 1st period - Shot Misses the Net. 11:33 of 1st period - Dustin Brown is hit by Patrick Maroon and loses puck. 11:39 of 1st period - Icing by Adam Pelech. 11:40 of 1st period - Nick Bonino wins face-off versus Frans Nielsen in SAN JOSE BRONCOS zone. 11:52 of 1st period - Icing by Frans Nielsen. 11:53 of 1st period - Frans Nielsen wins face-off versus Mikko Koivu in VICTORIA GLADIATORS zone. 12:13 of 1st period - Shot by Zach Parise. 12:13 of 1st period - Shot Misses the Net. 12:37 of 1st period - Shot by Mikko Koivu. 12:37 of 1st period - Deflect By Zach Parise. 12:37 of 1st period - Shot Misses the Net. 12:48 of 1st period - Icing by Neal Pionk. 12:49 of 1st period - Mikko Koivu wins face-off versus Carl Soderberg in SAN JOSE BRONCOS zone. 13:08 of 1st period - Carl Soderberg is hit by Colton Sissons and loses puck. 13:27 of 1st period - Shot by Jared Spurgeon. 13:27 of 1st period - Stopped by Jack Campbell with a rebound. 13:37 of 1st period - Jonathan Ericsson is hit by Cody Eakin and loses puck. 14:50 of 1st period - Shot by Sean Kuraly. 14:50 of 1st period - Stopped by Jack Campbell without a rebound. 14:51 of 1st period - Mikko Koivu wins face-off versus Frans Nielsen in VICTORIA GLADIATORS zone. 15:26 of 1st period - Shot by Frans Nielsen. 15:26 of 1st period - Shot Misses the Net. 15:28 of 1st period - Shot by Marcus Foligno. 15:28 of 1st period - Shot Misses the Net. 15:30 of 1st period - Shot by Marcus Foligno. 15:30 of 1st period - Stopped by Jacob Markstrom without a rebound. 15:31 of 1st period - Cody Eakin wins face-off versus Lars Eller in SAN JOSE BRONCOS zone. 15:54 of 1st period - Shot by Cody Eakin. 15:54 of 1st period - Shot Misses the Net. 15:56 of 1st period - Shot by Brady Skjei. 15:56 of 1st period - Stopped by Jack Campbell with a rebound. 15:58 of 1st period - Shot by Jesper Bratt. 15:58 of 1st period - Stopped by Jack Campbell without a rebound. 15:59 of 1st period - Evgeni Malkin wins face-off versus Carl Soderberg in VICTORIA GLADIATORS zone. 16:30 of 1st period - Shot by Evgeni Malkin. 16:30 of 1st period - Shot Blocked by Jonathan Ericsson. 16:32 of 1st period - Shot by Alexander Radulov. 16:32 of 1st period - Stopped by Jack Campbell without a rebound. 16:33 of 1st period - Lars Eller wins face-off versus Mikko Koivu in VICTORIA GLADIATORS zone. 16:46 of 1st period - Shot by Lars Eller. 16:46 of 1st period - Stopped by Jacob Markstrom without a rebound. 16:47 of 1st period - Jason Spezza wins face-off versus Cody Eakin in SAN JOSE BRONCOS zone. 17:05 of 1st period - Shot by Colton Sissons. 17:05 of 1st period - Stopped by Jack Campbell without a rebound. 17:06 of 1st period - Evgeni Malkin wins face-off versus Carl Soderberg in VICTORIA GLADIATORS zone. 17:11 of 1st period - Shot by Dustin Brown. 17:11 of 1st period - Shot Misses the Net. 18:39 of 1st period - Shot by Oliver Bjorkstrand. 18:39 of 1st period - Deflect By Zach Parise. 18:39 of 1st period - Stopped by Jack Campbell with a rebound. 18:41 of 1st period - Shot by Brady Skjei. 18:41 of 1st period - Stopped by Jack Campbell without a rebound. 18:42 of 1st period - Nick Bonino wins face-off versus Lars Eller in VICTORIA GLADIATORS zone. 19:01 of 1st period - Shot by Carter Rowney. 19:01 of 1st period - Shot Misses the Net. 19:22 of 1st period - Torey Krug is hit by Carter Rowney and loses puck. Goals for this period are 3 for SAN JOSE BRONCOS vs 1 for VICTORIA GLADIATORS. Shots for this period are 19 for SAN JOSE BRONCOS vs 7 for VICTORIA GLADIATORS. 2nd period 0:01 of 2nd period - Evgeni Malkin wins face-off versus Jason Spezza in neutral zone. 0:04 of 2nd period - Patrick Maroon is hit by Alexander Radulov. 0:40 of 2nd period - Shot by Dustin Brown. 0:40 of 2nd period - Stopped by Jack Campbell with a rebound. 0:44 of 2nd period - Shot by Alexander Radulov. 0:44 of 2nd period - Shot Blocked by Dion Phaneuf. 0:46 of 2nd period - Shot by Neal Pionk. 0:46 of 2nd period - Shot Blocked by Jonathan Ericsson. 1:40 of 2nd period - Icing by Jared Spurgeon. 1:41 of 2nd period - Mikko Koivu wins face-off versus Carl Soderberg in SAN JOSE BRONCOS zone. 2:09 of 2nd period - Shot by Carl Soderberg. 2:09 of 2nd period - Shot Blocked by Marco Scandella. 2:11 of 2nd period - Shot by Carl Soderberg. 2:11 of 2nd period - Shot Blocked by Marco Scandella. 2:13 of 2nd period - Shot by Nick Foligno. 2:13 of 2nd period - Stopped by Jacob Markstrom without a rebound. 2:14 of 2n